 Dungeon Crawl Stone Soup version 0.18-a0-1299-ge3c6ce7 (webtiles) character file.

81 opkc the Cudgeler (level 4, 0/66 HPs)
             Began as a Troll Berserker on Feb 11, 2016.
             Was a Priest of Trog.
             Slain by ThermosAquaticus's ghost (17 damage)
             ... on level 3 of the Dungeon.
             The game lasted 00:10:12 (1355 turns).

opkc the Cudgeler (Troll Berserker)                 Turns: 1355, Time: 00:10:12

Health: 0/66       AC:  6    Str: 30    XL:     4   Next: 20%
Magic:  12/12      EV: 10    Int:  3    God:    Trog [***...]
Gold:   83         SH:  0    Dex: 10    Spells: 0 memorised, 3 levels left

rFire  . . .     SeeInvis .     a - +0 mace
rCold  . . .     Gourm    +     m - +0 robe
rNeg   . . .     Faith    .     (no shield)
rPois  .         Spirit   .     (helmet restricted)
rElec  .         Dismiss  .     e - +0 cloak
rCorr  .         Reflect  .     (gloves unavailable)
SustAt .         Harm     .     (boots unavailable)
MR     ++...                    (no amulet)
Stlth  ..........               f - ring of loudness (curse)
                                d - ring of magical power

@: berserking, regenerating, glowing, very quick, very resistant to hostile
enchantments, extremely unstealthy
A: unfitting armour, claws 3, fast metabolism 3, gourmand, regeneration 2,
shaggy fur 1, tough skin 2
a: Berserk, Trog's Hand, Burn Spellbooks, Renounce Religion


You were on level 3 of the Dungeon.
You worshipped Trog.
Trog was most pleased with you.
You were not hungry.

You visited 1 branch of the dungeon, and saw 3 of its levels.

You collected 83 gold pieces.

Inventory:

Hand Weapons
 a - a +0 mace (weapon)
Missiles
 k - 15 poisoned arrows
Armour
 b - a +0 animal skin
 e - a +0 cloak (worn)
 m - a +0 robe (worn)
Jewellery
 d - a ring of magical power (left claw)
 f - a cursed ring of loudness (right claw)
Scrolls
 h - a scroll of random uselessness
 j - 2 scrolls of remove curse {unknown}
 n - a scroll of recharging {unknown}
Potions
 i - a potion of might {unknown}
 o - a potion of agility {unknown}
Comestibles
 c - 2 bread rations
 g - a meat ration
 l - 2 royal jellies


   Skills:
 + Level 2.9 Fighting
 + Level 3.5 Maces & Flails
 + Level 3.2 Dodging


You had 3 spell levels left.
You didn't know any spells.

Dungeon Overview and Level Annotations

Branches:
Dungeon (3/15)

Altars:

Annotations:
D:3 ThermosAquaticus's ghost, amateur DsEn


Innate Abilities, Weirdness & Mutations

You are too large for most types of armour.
You have claws for hands.
Your metabolism is lightning-fast.
You like to eat raw meat.
You heal very quickly.
You are covered in fur (AC +1).
You have very tough skin (AC +2).


Message History

You kill the goblin!
Trog accepts your kill.
ThermosAquaticus's ghost hits you but does no damage.
You are electrocuted!
You closely miss ThermosAquaticus's ghost.
ThermosAquaticus's ghost is lightly damaged.
ThermosAquaticus's ghost hits you but does no damage.
You are electrocuted!
* * * LOW HITPOINT WARNING * * *
A rat comes into view.
You are too berserk!
You completely miss ThermosAquaticus's ghost.
ThermosAquaticus's ghost is lightly damaged.
ThermosAquaticus's ghost closely misses you.
You hit ThermosAquaticus's ghost.
ThermosAquaticus's ghost is moderately damaged.
ThermosAquaticus's ghost hits you.
* * * LOW HITPOINT WARNING * * *
You are electrocuted!
You die...

#....# #.........
#....#######.........
#.....#...##.........
#...[.........r......
#....................
#..................o.
###.#.............(..
#....#.............#
#....##..@W....###..#
#....#####)o######
#....# #......o.#
#....## #.######..
#.....## #..#
#......# ##.#
#....#.### .#
#....#...##.##
#....###..#..#


You could see ThermosAquaticus's ghost, an orc and a rat.

Vanquished Creatures
  An adder (D:3)
  A gnoll (D:1)
  2 giant geckos
  An orc (D:3)
  3 giant cockroaches
  8 goblins
  10 hobgoblins
  12 kobolds
  A ball python (D:2)
  7 bats
  3 giant newts
  10 rats
59 creatures vanquished.

Notes
Turn   | Place    | Note
--------------------------------------------------------------
     0 | D:1      | opkc the Troll Berserker began the quest for the Orb.
     0 | D:1      | Reached XP level 1. HP: 22/22 MP: 0/0
    82 | D:1      | Reached XP level 2. HP: 19/29 MP: 1/1
   182 | D:1      | Reached skill level 3 in Maces & Flails
   226 | D:1      | Reached ** piety under Trog
   257 | D:1      | Reached XP level 3. HP: 36/36 MP: 2/2
   782 | D:2      | Reached *** piety under Trog
  1148 | D:2      | Reached XP level 4. HP: 40/44 MP: 3/3
  1335 | D:3      | Noticed ThermosAquaticus's ghost (amateur DsEn)
  1355 | D:3      | Slain by ThermosAquaticus's ghost

Vault maps used:
D:1:      lightli_arrival_statue_moat, serial_glass, glass_columns_a,
          glass_columns_b
D:2:      serial_bayou_pond_d, grunt_ministairs_7
D:3:      grunt_gozag_breadcrumbs

Action                   |  1- 3 |  4- 6 || total
-------------------------+-------+-------++-------
Melee: Mace              |   158 |    25 ||   183
Invok: Berserk           |     1 |     1 ||     2
       Trog's Hand       |       |     1 ||     1
  Use: Scroll            |     2 |       ||     2
  Eat: Chunk             |     9 |       ||     9
       Bread ration      |       |     1 ||     1
